 Dungeon Crawl Stone Soup version 0.26-a0-812-g31a745ddcd (webtiles) character file.

Game seed: 11175413387151435401

1090 kae the Insei (level 8, -3/46 HPs)
             Began as a Tengu Transmuter on Nov 23, 2020.
             Was an Initiate of Wu Jian.
             Shot with an arrow by a centaur (15 damage)
             ... on level 5 of the Dungeon.
             The game lasted 00:06:04 (6232 turns).

kae the Insei (Tengu Transmuter)                    Turns: 6232, Time: 00:06:04

Health: -3/46      AC:  4    Str: 19    XL:     8   Next: 31%
Magic:  14/14      EV: 17    Int: 14    God:    Wu Jian [......]
Gold:   160        SH:  0    Dex: 14    Spells: 10/14 levels left

rFire    . . .     SeeInvis .     - Unarmed
rCold    + . .     Faith    .   (no shield)
rNeg     . . .     Spirit   .   g - +1 robe of Latun {rElec rC+}
rPois    .         Reflect  .   (helmet restricted)
rElec    +         Harm     .   t - +0 cloak
rCorr    .         Rampage  .   (no gloves)
MR       .....                  (boots unavailable)
Stlth    ++........             m - amulet of magic regeneration
HPRegen  0.15/turn              l - +6 ring of strength
MPRegen  0.39/turn              p - ring of stealth

@: flying quickly and evasively, quick
A: beak, talons 3, able to fly
a: Stop Flying, Renounce Religion


You were on level 5 of the Dungeon.
You worshipped Wu Jian.
Wu Jian was noncommittal.
You visited 1 branch of the dungeon, and saw 7 of its levels.

You collected 303 gold pieces.
You spent 143 gold pieces at shops.

Inventory:

Armour
 g - the +1 robe of Latun (worn) {rElec rC+}
   (You found it on level 6 of the Dungeon)

   It protects you from cold.
   It insulates you from electricity.
 t - a +0 cloak (worn)
Jewellery
 l - a +6 ring of strength (left hand)
 m - an amulet of magic regeneration (around neck)
 p - a ring of stealth (right hand)
Scrolls
 a - 3 scrolls of remove curse
 f - 2 scrolls of teleportation
 j - 2 scrolls of fear
 n - 5 scrolls of identify
 s - a scroll of acquirement {unknown}
Potions
 b - a potion of haste
 c - 4 potions of curing
 d - 4 potions of brilliance {unknown}
 e - a potion of heal wounds
 h - 2 potions of flight {unknown}
 i - a potion of mutation {unknown}
 k - a potion of magic {unknown}
 o - a potion of berserk rage {unknown}
 q - a potion of might {unknown}
 r - a potion of lignification


   Skills:
 + Level 3.3 Fighting
 + Level 4.2 Dodging
 * Level 6.2 Unarmed Combat
 + Level 3.5 Spellcasting
 * Level 4.1 Transmutations
 - Level 3.0 Poison Magic


You had 10 spell levels left.
You knew the following spells:

 Your Spells              Type           Power        Failure   Level
a - Beastly Appendage     Tmut           ##....       3%          1
b - Spider Form           Tmut/Pois      ##........   14%         3

Your spell library contained the following spells:

 Spells                   Type           Power        Failure   Level
 Wereblood                Tmut           ##......     5%          2
 Animate Skeleton         Necr           #.....       21%         1
 Apportation              Tloc           #.....       21%         1
 Corona                   Hex            #......      21%         1
 Summon Small Mammal      Summ           #...         21%         1
 Call Imp                 Summ           #.......     30%         2
 Call Canine Familiar     Summ           #.......     52%         3
 Summon Guardian Golem    Hex/Summ       #.......     52%         3
 Ice Form                 Ice/Tmut       #.......     65%         4
 Blade Hands              Tmut           ##........   71%         5
 Summon Ice Beast         Ice/Summ       #.......     90%         4
 Summon Lightning Spire   Summ/Air       #.......     90%         4


Dungeon Overview and Level Annotations

Branches:
Dungeon (7/15)
 Temple: D:4-7

Altars:
Ashenzari
Cheibriados
Dithmenos
Nemelex Xobeh
Qazlal
Ru
Sif Muna
Uskayaw
Vehumet
Wu Jian

Shops:
D:4 }([[   D:5 !

Annotations:
D:6 exclusions: adder, 3 orcs, orc priest and orc warrior


Innate Abilities, Weirdness & Mutations

You have a beak for a mouth.
You have claws for feet.
You can fly continuously.


Message History

You are too injured to fight recklessly!
You are too injured to fight recklessly!
You are too injured to fight recklessly!
You lunge at the ogre.
You bite the ogre!
The ogre is heavily wounded.
The centaur shoots an arrow.
The arrow barely misses you. The ogre completely misses you.
The centaur shoots an arrow.
The arrow misses you.
Found a potion of lignification.
You spin and attack the ogre.
You hit the ogre.
The ogre is heavily wounded.
The centaur shoots an arrow.
The arrow completely misses you.
You can no longer perform spinning attacks.
Your transformation has ended.
Your +0 cloak unmelds from your body.
The +1 robe of Latun {rElec rC+} unmelds from your body.
The centaur shoots an arrow.
The arrow hits you!
* * * LOW HITPOINT WARNING * * *
The centaur shoots an arrow.
The arrow hits you!
You die...

#### #..# ##........# #.#. # ##.#
#####.#### #.#. # #.# #.# #.#. #
#.# ##+## #<#. # #.# ##...## #.#.
# #.### ##.....######.#. # #(#.##
##.......##......
#########....####.........#.##...
............O...@.........'......
##########c..####.........#.##)..
# ##..# ##.......##.##..# ## ##.#
##.....###.##... .# #.# ##...##
#.##)## .# #.# ##'## #.##.## .#
#.# #(# #...... .# #.# ###
#(########.## .# #..
.....#.#..†.....#


You could see an ogre and a centaur.

Vanquished Creatures
  Duvessa (D:4)
  2 ogres
  3 centaurs
  Dowan (D:4)
  A scorpion (D:5)
  A centaur skeleton (D:4)
  A hound (D:5)
  A jelly (D:5)
  Crazy Yiuf (D:4)
  An iguana (D:7)
  Natasha (thrice) (D:4)
  An orc wizard (D:4)
  3 worker ants
  A hound skeleton (D:4)
  3 gnolls (D:3)
  4 adders
  A shadow imp (D:4)
  A white imp (D:5)
  An adder zombie (D:6)
  5 worms
  A dart slug (D:2)
  6 orcs (D:4)
  5 bats
  6 giant cockroaches
  6 goblins
  6 hobgoblins
  3 jackals (D:3)
  4 kobolds
  2 quokkas (D:2)
  7 ball pythons
  2 frilled lizards
  8 rats
92 creatures vanquished.

Vanquished Creatures (others)
  A plant (D:3)
1 creature vanquished.

Grand Total: 93 creatures vanquished

Notes
Turn   | Place    | Note
-------+----------+-------------------------------------------
     0 | D:1      | kae the Tengu Transmuter began the quest for the Orb.
     0 | D:1      | Reached XP level 1. HP: 12/12 MP: 4/4
   183 | D:1      | Reached XP level 2. HP: 13/16 MP: 4/6
   780 | D:1      | Reached XP level 3. HP: 16/20 MP: 5/7
   899 | D:2      | Found a shimmering blue altar of Sif Muna.
   979 | D:2      | Learned a level 3 spell: Spider Form
  1295 | D:2      | Reached XP level 4. HP: 25/25 MP: 8/8
  1508 | D:2      | Reached skill level 4 in Unarmed Combat
  1924 | D:3      | Reached skill level 1 in Poison Magic
  2264 | D:3      | Gained mutation: You can fly continuously. [Tengu growth]
  2264 | D:3      | Reached XP level 5. HP: 30/30 MP: 7/9
  2312 | D:3      | Found a sparkling altar of Nemelex Xobeh.
  2319 | D:3      | Found a shadowy altar of Dithmenos.
  2327 | D:3      | Found a hide-covered altar of Uskayaw.
  2334 | D:3      | Found an ornate altar of the Wu Jian Council.
  2339 | D:3      | Found a radiant altar of Vehumet.
  2346 | D:3      | Found a stormy altar of Qazlal.
  2351 | D:3      | Found a snail-covered altar of Cheibriados.
  2363 | D:3      | Became a worshipper of the Wu Jian Council
  3183 | D:4      | You fall into a shaft and drop 3 floors!
  3236 | D:6      | Found a broken altar of Ashenzari.
  3238 | D:6      | Noticed an orc warrior
  3257 | D:6      | Got a fine robe
  3268 | D:6      | Identified the +1 robe of Latun {rElec rC+} (You found it
                  | on level 6 of the Dungeon)
  3310 | D:6      | Noticed an ogre
  3415 | D:6      | Killed an ogre
  3415 | D:6      | Reached XP level 6. HP: 27/35 MP: 2/11
  3863 | D:5      | Entered Level 5 of the Dungeon
  3881 | D:5      | Reached skill level 5 in Unarmed Combat
  3881 | D:5      | Reached XP level 7. HP: 13/40 MP: 8/12
  4269 | D:4      | Noticed Dowan
  4269 | D:4      | Noticed Duvessa
  4346 | D:4      | Found Nerch's Antique Armour Shop.
  4639 | D:4      | Found Immeafiubb's Weapon Shop.
  4645 | D:4      | Found Goerch's Gadget Shoppe.
  4721 | D:4      | Killed Duvessa
  4726 | D:4      | Killed Dowan
  4934 | D:4      | Noticed Natasha
  4948 | D:4      | Killed Natasha
  5093 | D:4      | Reached XP level 8. HP: 29/46 MP: 10/14
  5255 | D:4      | Found Xuuh's Antique Armour Shop.
  5291 | D:4      | Noticed Natasha
  5296 | D:4      | Killed Natasha
  5338 | D:4      | Found a sacrificial altar of Ru.
  5483 | D:4      | Noticed Natasha
  5491 | D:4      | Killed Natasha
  5689 | D:4      | Found a runed translucent door.
  5690 | D:4      | Noticed Crazy Yiuf
  5717 | D:4      | Killed Crazy Yiuf
  5856 | D:5      | Reached skill level 6 in Unarmed Combat
  5920 | D:5      | Found Upsom's Distillery.
  5924 | D:5      | Reached * piety under Wu Jian
  5959 | D:5      | Bought a potion of heal wounds for 65 gold pieces
  5959 | D:5      | Bought a potion of lignification for 39 gold pieces
  5959 | D:5      | Bought a potion of curing for 39 gold pieces
  6196 | D:5      | Found a broken altar of Ashenzari.
  6232 | D:5      | Shot with an arrow by a centaur

Illustrated notes

Levels and vault maps discovered:
D:1:      minmay_arrival_plants_in_alcoves, layout_basic
D:2:      layout_basic, overflow_temple_1_default, minmay_shallow_snake_nest
D:3:      layout_basic, grunt_temple_overflow_octagram,
          hangedman_abyss_or_decor_lesser_grid, guppyfry_early_lair_pool
D:4:      kennysheep_spiral_hall, layout_rooms, serial_shops,
          nicolae_shop_waterfront, nicolae_shop_window_shopping,
          kennysheep_mini_moat, nicolae_shop_crystal, grunt_ministairs_12,
          grunt_decor_arrowhead, nicolae_ru_awakened_eye, uniq_natasha,
          uniq_duvessa, uniq_crazy_yiuf_cottage
D:5:      cheibrodos_iron_armory, layout_loops_corners, serial_shops,
          nicolae_shop_trees, evilmike_ruin_ashenzari
D:6:      layout_gridville, minmay_temple_entry_hall, basic_altar
D:7:      layout_loops_cross

Skill      XL: |  1  2  3  4  5  6  7  8 |
---------------+-------------------------+-----
Transmutations | 2 3 4 |  4.1
Unarmed Combat | 4 5 6 |  6.2
Poison Magic   | 1 2 3 |  3.0
Dodging        | 3 4 |  4.2
Fighting       | 2 3 |  3.3
Spellcasting   | 3 |  3.5

Action                   |  1- 3 |  4- 6 |  7- 9 || total
-------------------------+-------+-------+-------++-------
Melee: Unarmed           |    77 |   101 |    83 ||   261
       Kick              |    19 |    17 |     8 ||    44
       Peck              |     6 |    12 |     4 ||    22
       Headbutt          |     4 |     9 |     1 ||    14
       Punch             |       |       |     1 ||     1
 Cast: Beastly Appendage |    16 |    17 |     4 ||    37
       Spider Form       |     1 |     7 |    14 ||    22
Invok: Lunge             |       |     2 |     4 ||     6
       Whirlwind         |       |       |     1 ||     1
 Abil: Fly               |       |     1 |       ||     1
  Use: Potion            |       |     2 |       ||     2
       Scroll            |       |    11 |     2 ||    13
 Stab: Sleeping          |     1 |     2 |       ||     3
Armor: Robe              |    16 |     8 |     3 ||    27
       Skin              |       |       |     2 ||     2
Dodge: Dodged            |    49 |    64 |    63 ||   176

Table legend: (Time is in decaauts)
 A = Elapsed time spent in this place.
 B = Non-inter-level travel time spent in this place.
 C = Inter-level travel time spent in this place.
 D = Time resting spent in this place.
 E = Time spent auto-exploring this place.
 F = Levels seen in this place.
 G = Mean time per level.
                   A        B        C        D        E       F      G
               +--------+--------+--------+--------+--------+-----+--------+
         Total |   6100 |   5914 |    186 |    880 |   4092 |   7 |  871.4 |
       Dungeon |   6100 |   5914 |    186 |    880 |   4092 |   7 |  871.4 |
               +--------+--------+--------+--------+--------+-----+--------+

Top non-repeatable levels by time:
     D:4: 1806 daAuts
     D:3: 1041 daAuts
     D:1: 997 daAuts
     D:2: 829 daAuts
     D:5: 766 daAuts
     D:6: 606 daAuts
     D:7: 52 daAuts
